← All builds
Geo sea / Cortex / Economy first / OBSERVED BUILD

Standard geo sea

The role's default economy-first play: bot lab then shipyard in the cove, quick frigate/submarine/destroyer navy to contest sea and hold the coast, transitioning into whatever the sea fight needs.

Usually shipyard in the cove (98%)

#naval #eco · 919 distinct matches · 98 players · 83% of Cortex Geo sea games · team won 52% of 1030 · Recently observed

HOW TO PLAY IT

Key timing: Shipyard by 3:18

  1. Open 3 mex, wind and solar, then Bot Lab.
  2. Get a BP and costal torpedo launcher up before the Shipyard.
  3. Put up Shipyard once you can defend it.
  4. Push out "submarine" and "frigate" to contest the sea.
  5. Add geothermal to fund the fleet transition into "destroyer", "missile corvette".

Phase by phase

TYPICAL OF ITS 919 GAMES
  1. 1
  2. 2
  3. 3
  4. 4
PLAY THE OPENING

Follow the example game's first 6:00 step by step: what to build now, what comes next, and where it goes. At 1× it keeps pace with your own game.

  1. 1

    Up to the Bot Lab

    Economy
    • Metal Extractor3Mex
    • Wind Turbine3Wind
    Order
    1. Bot LabBot Lab after 3 mex, 3 winddone ~1:12, middle half 1:06–1:25

    Some games also: wind for allies (50%)

    By 0:55 in all: 3 mex · 3 wind

    The example game in this phase · 5 steps
    1. Mex ×3
    2. Wind ×2
    3. Solar
    4. Wind
    5. Bot LabBot Labdone 1:12 · typical 1:12
  2. 2

    Bot Lab to Shipyard

    Economy
    • Metal Extractor1Mex
    • Wind Turbine2Wind
    Order
    1. ShipyardShipyard after 4 mex, 5 wind, 1 energy storagedone ~3:17, middle half 3:03–3:33
    Builders
    • Construction Bot3 Con bot
    • Graverobber2 Graverobber
    Army
    • Grunt1 Grunt

    Some games also: con turret (47%) · trasher (39%) · energy storage (35%) · wind for allies (33%)

    By 2:52 in all: 4 mex · 5 wind · 1 energy storage

    The example game in this phase · 15 steps
    1. Windfor Air
    2. GraverobberGraverobber
    3. Wind
    4. GraverobberGraverobber
    5. Construction BotCon bot
    6. Windfor Air
    7. TrasherTrasher
    8. Con turret
    9. Construction BotCon bot ×2
    10. Mex
    11. GruntGrunt
    12. JellyfishJellyfish
    13. Mex
    14. Radar TowerRadar Tower
    15. ShipyardShipyarddone 3:36 · typical 3:17
  3. 3

    Shipyard to 5:00

    Economy
    • Metal Extractor4Mex
    Builders
    • Construction Ship1 Con ship
    Army
    • Riptide2 Frigate
    • Orca1 Submarine
    Other
    • Radar Tower1 Radar Tower

    Some games also: Guard (50%) · wind (48%) · missile corvette (47%) · destroyer (46%) · gunboat (41%)

    By 5:00 in all: 8 mex · 6 wind · 1 energy storage · 1 con turret

    The example game in this phase · 14 steps
    1. Mex
    2. Radar TowerRadar Tower
    3. ThistleThistle
    4. Wind
    5. RiptideFrigatenot finished by 15:00 · typical 4:35
    6. Construction ShipCon ship
    7. Wind ×2
    8. OrcaSubmarinedone 4:33 · typical 4:19
    9. Wind
    10. Mex
    11. Energy storage
    12. Mex
    13. Wind ×2
    14. Dragon's TeethDragon's Teeth ×2
  4. 4

    5:00 to 10:00

    Economy
    • Metal Extractor2Mex
    • Wind Turbine8Wind
    • Energy Converter2Converter
    Builders
    • Construction Turret1 Con turret
    • Death Cavalry2 Death Cavalry
    • Construction Ship1 Con ship
    Army
    • Guard2 Guard
    • Riptide5 Frigate
    • Herring2 Missile corvette
    Other
    • Naval Radar / Sonar Tower2 Naval Radar / Sonar Tower

    Some games also: geo (48%) · Thistle (41%) · submarine (34%)

    By 10:00 in all: 10 mex · 15 wind · 1 geo · 4 converter · 1 energy storage · 2 con turret

    The example game in this phase · 89 steps
    1. Wind ×2
    2. Converter
    3. Radar TowerRadar Tower
    4. Converter
    5. OppressorDestroyernot finished by 15:00 · typical 5:51
    6. GuardGuard
    7. Converter
    8. Construction ShipCon ship
    9. Geothermal PowerplantGeodone 8:43 · typical 7:58
    10. Converter
    11. OppressorDestroyer
    12. UrchinUrchin
    13. Con turret
    14. Advanced Metal ExtractorT2 mexdone 7:48 · typical 9:22
    15. JellyfishJellyfish
    16. RiptideFrigate
    17. OppressorDestroyer
    18. Construction ShipCon ship
    19. Mex
    20. OppressorDestroyer
    21. Mex
    22. GuardGuard
    23. ThistleThistle
    24. Mex
    25. Advanced Metal ExtractorT2 mex
    26. Radar TowerRadar Tower
    27. GuardGuard
    28. Advanced Metal ExtractorT2 mex
    29. GuardGuard
    30. Metal storage
    31. OppressorDestroyer
    32. Con turret
    33. Advanced Metal ExtractorT2 mex
    34. Construction ShipCon ship
    35. OppressorDestroyer
    36. Con turret
    37. Mex
    38. Con turret
    39. Advanced ShipyardAdvanced Shipyarddone 11:29
    40. Con turret ×2
    41. Mex
    42. Advanced Metal ExtractorT2 mex
    43. Wind
    44. JellyfishJellyfish
    45. Naval Radar / Sonar TowerNaval Radar / Sonar Tower
    46. Wind
    47. Death CavalryDeath Cavalry
    48. Wind
    49. Death CavalryDeath Cavalry
    50. Wind
    51. DespotBattleshipnot finished by 15:00
    52. Advanced Metal ExtractorT2 mex
    53. Wind
    54. OppressorDestroyer
    55. Wind
    56. OppressorDestroyer
    57. Death CavalryDeath Cavalry
    58. Construction ShipCon ship
    59. OppressorDestroyer ×2
    60. Con turret
    61. Advanced ShipyardAdvanced Shipyarddone 13:06
    62. Con turret
    63. Metal storage
    64. ThistleThistle
    65. Advanced Construction SubAdvanced Construction Sub
    66. Advanced Geothermal PowerplantAdvanced Geothermal Powerplantnot finished by 15:00
    67. OppressorDestroyer
    68. ThistleThistle
    69. DespotBattleship
    70. ThistleThistle
    71. Death CavalryDeath Cavalry
    72. Naval Advanced Metal ExtractorNaval Advanced Metal Extractordone 14:23
    73. Mex
    74. Dragon's TeethDragon's Teeth ×10
    75. DespotBattleship
    76. Dragon's TeethDragon's Teeth
    77. Death CavalryDeath Cavalry
    78. PhantasmRadar jammer ship
    79. Dragon's TeethDragon's Teeth ×6
    80. BuccaneerCruiserdone 14:40
    81. Dragon's TeethDragon's Teeth ×3
    82. Death CavalryDeath Cavalry
    83. Dragon's TeethDragon's Teeth
    84. Naval Advanced Metal ExtractorNaval Advanced Metal Extractor
    85. Dragon's TeethDragon's Teeth ×3
    86. Arrow StormAnti-air shipnot finished by 15:00
    87. Dragon's TeethDragon's Teeth ×2
    88. Mex
    89. Dragon's TeethDragon's Teeth ×3

Counts are medians over the build's games: half of them build more, half fewer. The example game is hihimik's (35 OS, 17/09/2026); pick another.

Team trades

IN AT LEAST 30% OF ITS GAMES

You hand over

  • Wind Turbine2 Wind to Airfirst at 1:47 · in 73% of games

You get

  • Finch1 Finch from Airfirst at 1:51 · in 82% of games
  • Hercules1 Light transport from Airfirst at 2:00 · in 75% of games
  • Advanced Construction Bot1 T2 con bot from Techfirst at 7:44 · in 89% of games

How it plays out

Typical game of this build, running totals by minute

Metal produced

010k20k30k
0:005:0010:0015:00

metal

Enemy metal destroyed

05k10k
0:005:0010:0015:00

metal

Own metal lost

02.5k5k7.5k
0:005:0010:0015:00

metal

1030 games.

Show as table
ByMetal produced: This buildEnemy metal destroyed: This buildOwn metal lost: This build
1:0039700
2:0092800
3:00156900
4:002908051
5:00410813052
6:005466440241
7:006953931544
8:0086221570891
9:001050924401347
10:001263736252063
11:001525249082938
12:001816664023803
13:002150973914465
14:002507986275423
15:002882297766336
WHAT THE NUMBERS SAY

Standard Cortex geo sea sits at an even 50% win rate, trading a slower start for a big resource lead by 15:00.

  • + Metal produced hits 28451 by 15:00, well above both front roles
  • + Own metal lost stays far below enemy metal destroyed at every checkpoint
  • − Only 50% team win rate, the lowest of these six builds
  • − T2 factory only completes in 40% of games by 12:53
THE EXAMPLE YOU ARE READING

hihimik

35.2 OS · 17/09/2026

Open source match ↗

7 received units · includes a constructor
1673 metal received · 82237 energy received

Allied construction assistance is unknown. Timings are observations, not a promise of solo reproducibility.

Typical milestones

Bot Lab1:12Middle 50%: 1:06–1:25 · n=1024
Shipyard3:17Middle 50%: 3:03–3:33 · n=1025
Orca4:19Middle 50%: 3:53–5:00 · n=705
Riptide4:35Middle 50%: 4:08–5:20 · n=1001
Oppressor5:51Middle 50%: 5:09–6:33 · n=934
Geothermal Powerplant7:58Middle 50%: 7:00–8:59 · n=621
Advanced Metal Extractor9:22Middle 50%: 8:45–10:10 · n=886

Played most by

sirniho119games of this buildOptimusprimenutt81games of this buildSHOGVN78games of this buildPRO_Rerory46games of this buildhihimik41games of this build